 Dungeon Crawl Stone Soup version 0.19-a0-1170-g18f0c96 (webtiles) character file.

59 Duffy the Skirmisher (level 4, 38/38 HPs)
             Began as a Formicid Wanderer on Aug 17, 2016.
             Quit the game on level 1 of the Dungeon.
             The game lasted 00:01:33 (971 turns).

Duffy the Skirmisher (Formicid Wanderer)             Turns: 971, Time: 00:01:34

Health: 38/38      AC:  9    Str: 17    XL:     4   Next: 22%
Magic:  4/4        EV:  9    Int: 11    God:
Gold:   52         SH:  0    Dex: 11    Spells: 0 memorised, 3 levels left

rFire  . . .     SeeInvis +     b - +0 hand crossbow
rCold  . . .     Gourm    .     a - +2 scale mail
rNeg   . . .     Faith    .     (no shield)
rPois  .         Spirit   .     (helmet unavailable)
rElec  .         Dismiss  .     (no cloak)
rCorr  .         Reflect  .     (no gloves)
MR     .....     Harm     .     (no boots)
Stlth  ..........               (no amulet)
                                (no ring)
                                (no ring)

@: no status effects
A: permanent stasis, dig shafts and tunnels, four strong arms, antennae 3
a: Dig, Shaft Self


You were on level 1 of the Dungeon.
You were not hungry.

You visited 1 branch of the dungeon, and saw 2 of its levels.

You collected 52 gold pieces.

Inventory:

Hand Weapons
 b - a +0 hand crossbow (weapon)
 e - a +0 dagger
Missiles
 c - 44 bolts (quivered)
Armour
 a - a +2 scale mail (worn)
Scrolls
 g - 2 scrolls of remove curse {unknown}
 j - a scroll of blinking {unknown}
 k - a scroll of identify {unknown}
 l - a scroll of amnesia {unknown}
Potions
 d - a potion of lignification
 h - a potion of brilliance {unknown}
 i - a potion of cancellation {unknown}
 m - a potion of haste {unknown}
Comestibles
 f - 2 bread rations


   Skills:
 + Level 4.6 Fighting
 - Level 1.0 Crossbows
 - Level 4.3 Armour
 - Level 1.0 Dodging
 - Level 1.2 Stealth
   Level 1.1 Evocations


You had 3 spell levels left.
You didn't know any spells.

Dungeon Overview and Level Annotations

Branches:
Dungeon (2/15)

Altars:


Innate Abilities, Weirdness & Mutations

You are under a permanent stasis effect.
You can dig through walls and to a lower floor.
Your four strong arms can wield two-handed weapons with a shield.
You have a pair of large antennae on your head. (SInv)


Message History

A giant newt comes into view.
A giant newt is nearby!
Firing (i - inventory):
c - 47 bolts (quivered)
Press: ? - help, Shift-Dir - straight line, f - giant newt
Aim: a giant newt You shoot a bolt.
The bolt hits the giant newt but does no damage.
Firing (i - inventory):
c - 46 bolts (quivered)
Press: ? - help, Shift-Dir - straight line, f/p - giant newt
Aim: a giant newt You shoot a bolt.
The bolt misses the giant newt.
Firing (i - inventory):
c - 45 bolts (quivered)
Press: ? - help, Shift-Dir - straight line, f/p - giant newt
Aim: a giant newt You shoot a bolt.
The bolt hits the giant newt!
You kill the giant newt!
Save game and exit?
Welcome back, Duffy the Formicid Wanderer.
Press ? for a list of commands and other information.
Are you sure you want to abandon this character and quit the game? (Confirm with "yes".)

#.#...####.........####....
#..#.## ##.......## #.)..
##.### ##.....## #.#.# #.#
##...## #.#.# #.# ##+##
#.#.# #)# #.... #.# ###.#
#####.###########.## #.#
#.........##.@(...(# #.#
#.###.###.##.##..(..#
#.###.#...# ..... {
#.....(.#.# .###
#####.#...# # #.##### #.#
..# ###


There were no monsters in sight!

Vanquished Creatures
  A gnoll (D:1)
  An ooze (D:1)
  2 dart slugs
  2 giant cockroaches
  7 goblins
  9 hobgoblins
  2 jackals (D:1)
  2 kobolds (D:1)
  4 bats
  3 giant newts (D:1)
  3 rats (D:1)
36 creatures vanquished.

Notes
Turn   | Place    | Note
-------+----------+-------------------------------------------
     0 | D:1      | Duffy the Formicid Wanderer began the quest for the Orb.
     0 | D:1      | Duffy set off with: a +2 scale mail, a +0 hand crossbow, 27 bolts, a potion of lignification, a bread ration
     0 | D:1      | Reached XP level 1. HP: 16/16 MP: 1/1
     3 | D:1      | Noticed an electric eel
     3 | D:1      | Noticed an electric eel
    50 | D:1      | You fall through a shaft!
    74 | D:2      | Reached XP level 2. HP: 23/23 MP: 2/2
   191 | D:1      | Reached XP level 3. HP: 23/29 MP: 3/3
   595 | D:1      | Reached XP level 4. HP: 30/38 MP: 4/4
   971 | D:1      | Quit the game

Vault maps used:
D:1:      arrival_aquarium_b, st_stairs_1
D:2:      first_bread, kennysheep_slug_shrine

Skill      XL: |  1  2  3 |
---------------+----------+-----
Fighting       | 3 4 |  4.6
Crossbows      | |  1.0
Armour         | |  4.3
Dodging        | |  1.0
Stealth        | |  1.2
Evocations     | |  1.1

Action                   |  1- 3 |  4- 6 || total
-------------------------+-------+-------++-------
Melee: Hand crossbow     |    51 |       ||    51
 Fire: Hand crossbow     |    74 |    23 ||    97
 Abil: Dig               |       |     1 ||     1
Armor: Scale mail        |    81 |     7 ||    88
Dodge: Dodged            |    73 |     2 ||    75
